 Dungeon Crawl Stone Soup version 0.31-a0-164-g2312942fda (webtiles) character file.

Game seed: 2678972424232224624

111 qw the Shooter (level 4, 0/28 HPs)
             Began as a Gargoyle Hunter on June 13, 2023.
             Slain by an orc
             ... wielding a +0 whip
              (4 damage)
             ... on level 3 of the Dungeon.
             The game lasted 00:00:48 (1182 turns).

qw the Shooter (Gargoyle Hunter)                    Turns: 1182, Time: 00:00:49

Health: 0/28       AC:  8    Str: 15    XL:     4   Next: 92%
Magic:  4/4        EV: 11    Int:  9    God:
Gold:   47         SH:  0    Dex: 15    Spells: 3/3 levels left

rFire   . . .        Y - +0 shortbow
rCold   . . .        (shield currently unavailable)
rNeg    + . .        f - +0 ring mail
rPois   inf          (no helmet)
rElec   +            (no cloak)
rCorr   .            (no gloves)
SInv    .            (no boots)
Will    .....        e - amulet of faith
Stlth   +            (no ring)
HPRegen 0.24/turn    (no ring)
MPRegen 0.09/turn

%: faith
@: weakened
A: sickness immunity, AC +3, negative energy resistance 1, electricity
resistance, torment resistance 1, petrification resistance
a: no special abilities


You were on level 3 of the Dungeon.
You visited 1 branch of the dungeon, and saw 3 of its levels.

You collected 47 gold pieces.


Innate Abilities, Weirdness & Mutations

You are immune to sickness and miasma.
Your stone body is resilient. (AC +3)
You are immune to poison.
You resist negative energy. (rN+)
You are resistant to electric shocks. (rElec)
You are resistant to unholy torment.
You are immune to petrification.


   Skills:
 - Level 3.0 Fighting
 + Level 5.5 Ranged Weapons
 - Level 1.3 Armour
 - Level 1.5 Dodging
 - Level 1.1 Stealth


You had 3 spell levels left.
You didn't know any spells.
Your spell library was empty.

Inventory:

Hand Weapons
 Y - a +0 shortbow (weapon)
Armour
 a - a +0 helmet
 f - a +0 ring mail (worn)
Jewellery
 e - an amulet of faith (around neck)
 g - a ring of fire
Scrolls
 b - 2 scrolls of identify
Potions
 c - a potion of haste {unknown}
 d - a potion of enlightenment {unknown}
 j - 2 potions of curing
 l - a potion of resistance {unknown}

Dungeon Overview and Level Annotations

Branches:
Dungeon (3/15)

Altars:

Shops:
D:2 =


Message History

The arrow hits the gnoll bouda but does no damage.
The gnoll bouda is lightly wounded.
The gnoll bouda gazes fiercely through you!
You feel as though you will be weak longer.
The gnoll bouda hits you with a +0 whip.
The gnoll hits you with a +0 whip. The orc hits you but does no damage.
You shoot an arrow.
The arrow closely misses the gnoll bouda.
The gnoll bouda hits you but does no damage.
The gnoll barely misses you. The orc completely misses you.
You shoot an arrow.
The arrow hits the gnoll bouda but does no damage.
The gnoll bouda is lightly wounded.
The gnoll bouda barely misses you. The gnoll hits you with a +0 whip.
The orc barely misses you.
You shoot an arrow. The arrow hits the gnoll bouda.
The gnoll bouda is moderately wounded.
The gnoll bouda barely misses you. The gnoll misses you. The orc misses you.
A gnoll comes into view. It is wielding a +0 whip.
The orc barely misses you.
The gnoll bouda barks out a call to the hunt!
The gnoll picks up the pace!
The gnoll hits you with a +0 whip.
You shoot an arrow.
The arrow barely misses the gnoll bouda.
The gnoll bouda misses you. The orc closely misses you.
The gnoll closely misses you.
You shoot an arrow. The arrow hits the gnoll bouda.
The gnoll bouda is moderately wounded.
The gnoll bouda misses you. The orc hits you with a +0 whip.
The gnoll hits you but does no damage.
You shoot an arrow.
The arrow barely misses the gnoll bouda.
The gnoll bouda barely misses you. The gnoll closely misses you.
The orc closely misses you.
You shoot an arrow.
The arrow barely misses the gnoll bouda.
The gnoll bouda hits you with a +0 whip.
The gnoll closely misses you. The orc hits you with a +0 whip.
You die... ######++##### ............ ........... ...ggooo ggoOo

##og## #.g@.####### +....'.....+
#....#######
############''''############# .
............................# o
#~~~~~~~~~~~~..[.~~~~~~~~~~~~###
~~~~~~~~~~~~~....~~~~~~~~~~~~~~~
~~~~~~~~~~~~~....~~~~~~~~~~~~~~~
........................))%....


You could see an ogre, a gnoll bouda, 5 gnolls and 6 orcs.

Vanquished Creatures
  A gnoll (D:3)
  4 adders (D:2)
  A worm (D:2)
  2 dart slugs
  An orc (D:3)
  4 bats
  3 endoplasms (D:2)
  4 giant cockroaches
  5 goblins
  4 hobgoblins
  8 jackals (D:3)
  5 quokkas
  6 ball pythons
  3 kobolds (D:1)
  3 rats
54 creatures vanquished.

Notes
Turn   | Place    | Note
-------+----------+-------------------------------------------
     0 | D:1      | qw the Gargoyle Hunter began the quest for the Orb.
     0 | D:1      | Reached XP level 1. HP: 12/12 MP: 1/1
     0 | D:1      | 0 ||| qw: Version: 0.2-a-29-gc1b59c4
     0 | D:1      | 0 ||| qw: Game counter: 4620
     0 | D:1      | 0 ||| qw: Always use a shield: true
     0 | D:1      | 0 ||| qw: God list: Okawaru
     0 | D:1      | 0 ||| qw: Allow faded altars: false
     0 | D:1      | 0 ||| qw: Do Orc after D:15 true
     0 | D:1      | 0 ||| qw: Do second Lair branch before Depths: true
     0 | D:1      | 0 ||| qw: Lair rune preference: random
     0 | D:1      | 0 ||| qw: Plans: Normal, Zot:1-4, Slime:5, God:TSO, Crypt,
                  | Tomb, Abyss, Pan, Hells, Win
     0 | D:1      | 0 ||| PLANNING D:1-11
    64 | D:1      | Reached XP level 2. HP: 16/17 MP: 2/2
   430 | D:1      | Reached XP level 3. HP: 21/21 MP: 3/3
   439 | D:1      | 439 ||| UPGRADING to +0 ring mail.
   449 | D:1      | 449 ||| DROPPING +0 leather armour.
   450 | D:1      | 450 ||| UPGRADING to amulet of faith.
   455 | D:1      | 455 ||| DROPPING ring of flight.
   456 | D:1      | 456 ||| READING scroll labelled ELUXIWNANO.
   459 | D:1      | 459 ||| READING 2 scrolls labelled BOGGUO VITANE.
   460 | D:1      | 460 ||| READING scroll labelled MAASEL BIBIEKK.
   461 | D:1      | 461 ||| DROPPING scroll of butterflies.
   462 | D:1      | 462 ||| DROPPING scroll of fear.
   515 | D:2      | Reached skill level 1 in Armour
   577 | D:2      | Reached skill level 5 in Ranged Weapons
   599 | D:2      | Reached XP level 4. HP: 24/27 MP: 4/4
   621 | D:2      | Found Idoapue's Jewellery Shoppe.
   624 | D:2      | 624 ||| SHOPLISTING +4 ring of protection (396 gold, have
                  | 34).
   624 | D:2      | 624 ||| SHOPLISTING ring "Luv Niklots" {rElec rPois rC+
                  | Str+3 Dex+3} (613 gold, have 34).
   624 | D:2      | 624 ||| SHOPLISTING ring of fire (275 gold, have 34).
   624 | D:2      | 624 ||| SHOPLISTING ring of positive energy (220 gold, have
                  | 34).
   624 | D:2      | 624 ||| SHOPLISTING ring of see invisible (165 gold, have
                  | 34).
   624 | D:2      | 624 ||| SHOPLISTING ring of the Octopus King {HP+2 MP+9
                  | AC+2 EV+2 SH+2} (620 gold, have 34).
   624 | D:2      | 624 ||| SHOPLISTING ring of willpower (275 gold, have 34).
   732 | D:2      | Reached skill level 3 in Fighting
   933 | D:2      | 933 ||| READING scroll labelled EMIXISE UNWET.
   934 | D:2      | 934 ||| READING scroll labelled SUNIZI EGYCK.
   935 | D:2      | 935 ||| DRINKING 2 red potions.
   979 | D:3      | Found a faded altar of an unknown god.
  1056 | D:3      | 1056 ||| Stepping ~*~*~tactically~*~*~ (outnumbered).
  1170 | D:3      | Noticed an ogre
  1178 | D:3      | HP: 6/28 [gnoll/+0 whip (4)]
  1182 | D:3      | Slain by an orc

Levels and vault maps discovered:
D:1:      scummos_arrival_simple_crosswalls, layout_rooms
D:2:      layout_basic, serial_shops, nicolae_shop_tiny_real_fake_doors
D:3:      lemuel_castle_with_subvaults [lemuel_castle_interior_original],
          layout_rooms, mainiacjoe_overflow_alcove_2,
          hellmonk_ecumenical_altar_leap_of_faith, minmay_misc_feat_x,
          minmay_diced_spiral

Skill      XL: |  1  2  3  4 |
---------------+-------------+-----
Armour         | 1 |  1.3
Ranged Weapons | 5 |  5.5
Fighting       | 3 |  3.0
Dodging        | |  1.5
Stealth        | |  1.1

Action                     |  1- 3 |  4- 6 || total
---------------------------+-------+-------++-------
   Fire: Shortbow          |    99 |   107 ||   206
    Use: Scroll            |     3 |     2 ||     5
         Potion            |       |     1 ||     1
 Armour: Leather armour    |    10 |       ||    10
         Ring mail         |     3 |    48 ||    51
  Dodge: Dodged            |    28 |    82 ||   110

Table legend:
 A = Non-vault XP
 B = Vault XP
 C = Vault XP percentage of total XP
 D = Non-vault monster count
 E = Vault monster count
 F = Vault count percentage of total count
                 A         B        C        D         E       F
            +---------+---------+-------+---------+---------+-------
      Total |     134 |      25 |  15.7 |      48 |       6 |  11.1
            +---------+---------+-------+---------+---------+-------
        D:1 |      35 |       0 |   0.0 |      21 |       0 |   0.0
        D:2 |      82 |       0 |   0.0 |      19 |       0 |   0.0
        D:3 |      17 |      25 |  59.5 |       8 |       6 |  42.9
            +---------+---------+-------+---------+---------+-------
